AoeStats
← Guld Hans

Arabia

507564461Analyzed
2v2 RM · 13d ago on Sep 18, 2026· 52m 10s· 4 players
Game mode
Random Map
Map size
Medium (4 player)
Population
200
Speed
Normal
Resources
Standard
Victory
Conquest
Starting age
Dark Age
Ending age
Imperial Age
RankedLock teamsTeams togetherTeam positionsShared explorationLock speedFull tech treeHidden civsTurbo modeCheats
Victory
Defeat
🇩🇰 Turks · Denmark
971
+15
🇩🇰 Ethiopians · Denmark
969
+15
🇸🇰 Romans · Slovakia
957
-15
🇸🇰 Lithuanians · Slovakia
941
-15
1Majo_SVK
14:32 Feudal Age
16:01 Loom
16:47 Double-Bit Axe
16:58 Gold Mining
20:17 Castle Age
19:15 Horse Collar
37:46 Imperial Age
39:28 Chemistry
39:15 Conscription
40:47 Cavalier
41:57 Conscription
41:20 Pikeman
44:39 Wheelbarrow
45:17 Bow Saw
45:20 Bloodlines
ARES
0:28 Loom
12:34 Feudal Age
20:10 Castle Age
20:57 Fletching
24:45 Horse Collar
28:07 Heavy Plow
27:32 Elite Skirmisher
30:03 Wheelbarrow
31:26 Padded Archer Armor
32:29 Double-Bit Axe
32:37 Elite Skirmisher
35:10 Ballistics
34:46 Murder Holes
38:44 Imperial Age
36:35 Bodkin Arrow
37:00 Leather Archer Armor
39:29 Hand Cart
39:52 Conscription
43:52 Fortified Wall
45:08 Pikeman
45:49 Squires
46:32 Bow Saw
46:26 Husbandry
46:56 Bloodlines
46:40 Halberdier
48:11 Light Cavalry
49:56 Scale Barding Armor
50:55 Cavalier
Guld Hans
10:13 Loom
12:31 Feudal Age
16:58 Castle Age
15:43 Double-Bit Axe
17:14 Town Watch
19:01 Horse Collar
21:11 Wheelbarrow
23:34 Bloodlines
23:53 Husbandry
26:56 Scale Barding Armor
28:05 Chain Barding Armor
30:13 Town Patrol
31:11 Heavy Plow
32:16 Forging
35:30 Imperial Age
34:26 Bow Saw
36:00 Iron Casting
36:11 Gold Mining
36:52 Hand Cart
38:08 Plate Barding Armor
38:34 Blast Furnace
41:48 Artillery
44:05 Conscription
45:42 Two-Man Saw
50:22 Gold Shaft Mining
Tub$
5:03 Loom
10:21 Feudal Age
10:57 Double-Bit Axe
17:40 Wheelbarrow
16:58 Fletching
17:13 Padded Archer Armor
26:47 Castle Age
24:44 Horse Collar
24:59 Gold Mining
25:00 Stone Mining
27:16 Forging
27:16 Crossbowman
27:59 Squires
28:10 Heavy Plow
29:36 Bodkin Arrow
30:18 Iron Casting
29:21 Light Cavalry
32:11 Bow Saw
34:04 Caravan
34:32 Scale Barding Armor
34:43 Leather Archer Armor
35:39 Chain Barding Armor
36:22 Hand Cart
36:34 Husbandry
41:18 Imperial Age
41:01 Thumb Ring
42:13 Ballistics
41:27 Hussar
41:30 Arbalester
44:08 Chemistry
43:48 Onager
45:23 Conscription
46:31 Bracer
47:33 Blast Furnace
46:34 Scale Mail Armor
49:29 Ring Archer Armor
Connection lost

Rejoining the realm…

Still unreachable

The connection could not be restored.

Session expired

The server has moved on; the page needs a fresh start.